 Dungeon Crawl Stone Soup version 0.13-a0-2606-g170388b (webtiles) character file.

187780 Rycklaryybbe the Thaumaturge (level 17, 0/141 HPs)
             Began as a Demigod Summoner on July 27, 2013.
             Slain by a tentacled monstrosity (6 damage)
             ... on Level 4 of the Vaults on Aug 4, 2013.
             The game lasted 14:23:51 (83665 turns).

Rycklaryybbe the Thaumaturge (Demigod Summoner)    Turns: 83665, Time: 14:23:54

HP   0/141       AC 16     Str 14      XL: 17   Next: 19%
MP  31/39        EV 22     Int 27      God:
Gold 3174        SH 15     Dex 22 (24) Spells:  9 memorised,  6 levels left

Res.Fire  : + + .   See Invis. : .   a - +6,+5 demon trident (elec)
Res.Cold  : + . .   Warding    : .   f - +2 robe {rC+ rF+}
Life Prot.: . . .   Conserve   : .   S - +1 dwarf buckler (curse)
Res.Poison: .       Res.Corr.  : .   v - +1 plumed helmet
Res.Elec. : +       Clarity    : +   o - +2 cloak "Klyhalij" {MR++}
Sust.Abil.: . .     Spirit.Shd : .   F - +1 pair of dwarf gauntlets
Res.Mut.  : .       Rnd.Telep. : +   J - +2 pair of elf boots
Res.Rott. : .       Flight     : .   R - amulet of the gourmand
Gourmand  : +                        I - ring of Gararri {+/*Tele rF+}
                                     N - +4 ring of dexterity

@: constricted, extremely resistant to hostile enchantments, stealthy
A: clarity, deterioration 1, +10% hp, electricity resistance, evolution 1, AC
+2, Str +1, Dex +1
a: Evoke Teleportation


You were on level 4 of the Vaults.
You were not hungry.

You visited 6 branches of the dungeon, and saw 42 of its levels.
You also visited: Sewer and Volcano.

You collected 4282 gold pieces.
You spent 1128 gold pieces at shops.

Inventory:

Hand weapons
 a - a +6,+5 demon trident of electrocution (weapon)
 h - the +6,+3 eveningstar "Chiticha" {vamp, Int+3}
   (You found it on level 18 of the Dungeon)

   It inflicts no extra harm, but heals its wielder somewhat when it strikes a
   living foe.
   It affects your intelligence (+3).
Armour
 f - a +2 robe of resistance (worn)
 j - a +2 ring mail of poison resistance
 m - a +2 cloak of poison resistance
 o - the +2 cloak "Klyhalij" (worn) {MR++}
   (You found it on level 9 of the Dungeon)

   It affects your resistance to hostile enchantments.
 v - a +1 plumed helmet (worn)
 F - a +1 pair of dwarven gauntlets (worn)
 J - a +2 pair of elven boots (worn)
 S - a cursed +1 dwarven buckler (worn)
Magical devices
 k - a wand of fire (0)
 n - a wand of paralysis (15)
 u - a wand of teleportation (4)
 x - a wand of invisibility (6)
 M - a wand of cold (3)
 O - a wand of fire (2)
 T - a wand of cold (1)
 Y - a wand of digging (12) {unknown}
Comestibles
 c - 2 meat rations
 g - a rambutan
 r - 5 bread rations
 W - an apricot
Scrolls
 i - a scroll of remove curse
 s - 3 scrolls of identify
 B - a scroll of enchant weapon I
 H - 3 scrolls of fog
 Z - a scroll of vulnerability
Jewellery
 d - an uncursed ring of positive energy
 e - an uncursed ring of ice
 l - an uncursed ring of protection from magic
 p - an uncursed ring of protection from magic
 q - an uncursed ring of teleport control
 y - an uncursed ring of invisibility
 A - an uncursed ring of see invisible
 C - an uncursed ring of flight
 G - an uncursed ring of poison resistance
 I - the ring of Gararri (right hand) {+/*Tele rF+}
   (You found it on level 6 of the Lair of Beasts)

   [ring of teleportation]

   It protects you from fire.
 K - an uncursed amulet of warding
 L - an uncursed ring of protection from fire
 N - a +4 ring of dexterity (left hand)
 P - an uncursed ring of flight
 R - an amulet of the gourmand (around neck)
 U - an uncursed ring of wizardry
Potions
 t - 2 potions of resistance
 D - 2 potions of flight
 Q - 5 potions of restore abilities
 V - a potion of speed
 X - a potion of brilliance
Magical staves
 b - an uncursed staff of energy
Miscellaneous
 w - a lantern of shadows
 E - a crystal ball of energy


   Skills:
 + Level 8.2 Fighting
 - Level 1.2 Maces & Flails
 + Level 11.2 Polearms
 - Level 1.0 Staves
 - Level 2.0 Armour
 - Level 10.5 Dodging
 - Level 1.8 Stealth
 - Level 5.4 Shields
 - Level 14.1 Spellcasting
 + Level 14.1 Summonings
 - Level 12.5 Necromancy


You had 6 spell levels left.
You knew the following spells:

 Your Spells              Type           Power        Failure   Level  Hunger
a - Haunt                 Necr/Summ      ######....   12%         7    ######.
b - Mass Abjuration       Summ           #######...   1%          6    ####...
d - Animate Skeleton      Necr           N/A          0%          1    None
e - Summon Scorpions      Summ/Pois      ######....   1%          4    None
f - Vampiric Draining     Necr           ######....   1%          3    None
g - Summon Ice Beast      Ice/Summ       ######....   1%          4    None
h - Agony                 Necr           ######..     1%          5    None
i - Demonic Horde         Summ           #######...   1%          6    ####...
j - Blink                 Tloc           N/A          4%          2    None


Dungeon Overview and Level Annotations

Branches:
Dungeon (20/27)            Temple (0/1) D:5             Orc (4/4) D:6
    Elf (0/3) Orc:3          Lair (8/8) D:12         Shoals (5/5) Lair:5
 Spider (1/5) Lair:3        Slime (0/6) Lair:7       Vaults (4/5) D:20
  Crypt (0/5) Vaults:2
  Blade: Vaults:3-4

Shops:
D:4: * D:15: ( D:16: ** D:19: ! Orc:4: (*%* Shoals:3: * Vaults:3: =

Annotations
D:16 Grabo's ghost, powerful DrTm
D:18 Azrael
Shoals:5 Ilsuiw
Vaults:4 Jorgrun


Innate Abilities, Weirdness & Mutations

You are partially covered in thin metallic scales (AC +2).
You are agile (Dex +1).
You possess an exceptional clarity of mind.
Your body is slowly deteriorating.
You are robust (+10% HP).
You are resistant to electric shocks.
Your muscles are strong (Str +1).
You evolve.


Message History

* * * LOW HITPOINT WARNING * * *
The tentacled monstrosity constricts you!
Drink which item? (? for menu, Esc to quit)
You feel better.
Your wraith hits the tentacled monstrosity.
The tentacled monstrosity tentacle-slaps you.
* * * LOW HITPOINT WARNING * * *
The tentacled monstrosity tentacle-slaps you!
* * * LOW HITPOINT WARNING * * *
The tentacled monstrosity tentacle-slaps you but does no damage.
* * * LOW HITPOINT WARNING * * *
The tentacled monstrosity constricts you!
Drink which item? (? for menu, Esc to quit)
You feel better.
Your wraith hits the tentacled monstrosity!
The tentacled monstrosity tentacle-slaps you!
* * * LOW HITPOINT WARNING * * *
The tentacled monstrosity misses you.
The tentacled monstrosity tentacle-slaps you but does no damage.
You die...

...............................
.............[..................
.........W....Z[................
......###'###############.......
... #...p.............#.....(( .
#W###############.#Z..%.(# #.#
+(')')'.#..%().#
#.###############.#......#
#..ZpWWWX@5.......#......#
###################......#
........# .........# .........#
........# ..#### #### #####...
#..####.<.#...


You could see a tentacled monstrosity, a friendly freezing wraith, a friendly
phantom, 2 friendly wraiths, a friendly iron imp and a friendly yaktaur
skeleton.

Vanquished Creatures
  Norris (D:19)
  A sphinx (Vaults:3)
  A vault warden (Vaults:3)
  A fire giant (Vaults:3)
  A stone giant (Vaults:3)
  The ghost of Somebody the Basher, a powerful GrSk of Okawaru (Lair:8)
  A merfolk javelineer (Shoals:3)
  A vault guard (Vaults:2)
  4 ironheart preservers
  2 dragons
  A merfolk impaler (Shoals:4)
  8 yaktaur captains
  A siren (Shoals:3)
  A great orb of eyes (Vaults:3)
  Harold (D:10)
  3 hydras
  A ravenous item mimic (D:18)
  4 ogre magi
  An anaconda (Lair:8)
  9 centaur warriors
  An orc high priest (Vaults:1)
  A very ugly thing (Vaults:2)
  A sun demon (Vaults:1)
  10 sea snakes
  An ironbrand convoker (Vaults:2)
  3 giant amoebae
  4 unseen horrors
  A red wasp (shapeshifter) (D:17)
  A griffon (shapeshifter) (Vaults:3)
  2 wolf spiders
  4 griffons
  9 orc knights
  A lindwurm (Volcano)
  7 hill giants
  2 stone giant zombies
  2 cyclopes
  4 elephants (Lair:8)
  9 harpies
  4 stone giant skeletons
  3 black mambas
  4 spiny frogs
  A frost giant skeleton (D:18)
  4 vault sentinels
  2 feature mimics
  12 yaktaurs
  A deep elf fighter (Vaults:2)
  2 iron troll zombies
  5 mermaids
  A redback zombie (D:20)
  2 komodo dragons
  2 trolls (D:13)
  2 wandering mushrooms (Lair:3)
  An iron troll skeleton (D:17)
  A jumping spider (Spider:1)
  A fire vortex (Volcano)
  8 slime creatures
  A boulder beetle (D:20)
  4 two-headed ogres
  3 deep dwarf necromancers (Vaults:2)
  6 blink frogs
  An ice dragon skeleton (D:19)
  A shadow (D:18)
  15 snapping turtles
  2 basilisks
  6 sharks
  2 wyverns
  39 ugly things
  3 hogs (D:19)
  A toenail golem (Volcano)
  A trapdoor spider (D:17)
  A wraith (Vaults:2)
  22 yaks
  5 fire elementals
  10 hippogriffs
  2 soldier ants
  12 vampire mosquitoes
  5 wolves
  2 rock worms
  22 merfolk
  A hill giant skeleton (D:15)
  10 manticores
  Menkaure (D:5)
  2 molten gargoyles (Volcano)
  2 mottled dragons
  5 porcupines
  A dwarf (D:7)
  2 hell hounds (D:18)
  4 freezing wraiths
  2 gargoyles (D:15)
  21 orc warriors
  3 sky beasts
  8 ice beasts
  6 crocodiles
  12 ogres
  A boring beetle (shapeshifter) (Vaults:3)
  11 centaurs
  5 big kobolds
  6 wargs
  6 giant slugs
  6 water moccasins
  A yaktaur zombie (D:19)
  15 giant frogs
  A brain worm (shapeshifter) (D:19)
  A yaktaur skeleton (D:14)
  5 agate snails
  A giant frog (shapeshifter) (Vaults:1)
  A wyvern zombie (D:13)
  A rock worm zombie (D:15)
  An eye of draining (D:14)
  7 killer bees
  5 quasits
  5 wights
  A yak skeleton (D:14)
  5 goliath beetles
  10 crimson imps
  A wolf skeleton (Lair:2)
  3 spiders (Lair:3)
  9 orc priests
  An iron imp (Shoals:4)
  A centaur zombie (D:11)
  5 hounds
  4 iguanas
  19 scorpions
  21 orc wizards
  A jelly (D:9)
  12 sheep
  4 worker ants
  4 boggarts
  2 hound skeletons (D:5)
  4 gnolls
  17 adders
  44 green rats
  5 lemures
  2 giant centipedes
  3 giant mites
  4 shadow imps
  An inept feature mimic (D:7)
  7 white imps
  6 worms
  5 ufetubi
  A giant eyeball (D:11)
  6 giant geckos
  An ooze (D:4)
  80 orcs
  23 bats
  15 goblins
  5 grey rats (Sewer)
  13 hobgoblins
  8 jackals
  22 kobolds
  8 quokkas
  A ball python (D:5)
  4 giant cockroaches
  8 giant newts
  An illusory rakshasa (D:18)
  2 orc zombies
  24 rats
  6 ballistomycetes
  21 butterflies
  2 fungi
  6 plants
946 creatures vanquished.

Vanquished Creatures (collateral kills)
  A sphinx (Vaults:1)
  Kirke (D:19)
  Donald (Orc:3)
  Aizul (D:17)
  Gastronok (Lair:3)
  2 vault wardens (Vaults:2)
  2 stone giants
  6 dire elephants (Lair:8)
  A merfolk javelineer (Shoals:5)
  2 vault guards (Vaults:2)
  4 merfolk impalers
  The ghost of Bruce the Eclecticist, a powerful DEFE of Sif Muna (Shoals:5)
  4 yaktaur captains
  The ghost of Argons the Grappler, a powerful TrTm of Makhleb (D:13)
  A merfolk aquamancer (Shoals:5)
  Fannar (D:10)
  Josephine (Orc:3)
  15 hydras
  Nessos (D:17)
  2 ogre magi
  Erica (Orc:4)
  Urug (D:10)
  A very ugly thing (Vaults:2)
  12 centaur warriors
  3 orc high priests (Orc:4)
  A rakshasa (D:18)
  3 skeletal warriors
  4 sea snakes
  A flayed ghost (D:18)
  22 hill giants
  A giant amoeba (D:17)
  11 orc knights
  A lindwurm (Lair:8)
  Joseph (D:9)
  A necromancer (D:19)
  A wolf spider (Vaults:1)
  A deep elf conjurer (Vaults:2)
  7 harpies
  2 griffons
  A griffon (shapeshifter) (D:19)
  A stone giant zombie (Orc:3)
  5 orc sorcerers
  A spiny worm (Vaults:2)
  3 elephants (Lair:6)
  A stone golem (Vaults:1)
  14 cyclopes
  2 stone giant skeletons
  A sixfirhy (Vaults:2)
  2 vault sentinels (Vaults:2)
  3 black mambas
  Psyche (D:13)
  7 yaktaurs (Vaults:2)
  8 spiny frogs
  An efreet (D:16)
  A deep dwarf necromancer (Vaults:2)
  A polar bear (Lair:6)
  A fire drake (Lair:7)
  A wolf spider simulacrum (D:19)
  6 two-headed ogres
  4 komodo dragons
  9 trolls
  10 blink frogs
  8 slime creatures
  2 harpy skeletons
  A shadow (D:11)
  3 snapping turtles
  2 water elementals (Shoals:4)
  A griffon skeleton (D:16)
  4 wraiths
  2 deep elf magi
  A trapdoor spider (D:16)
  2 basilisks
  3 hungry ghosts
  45 ugly things
  A spiny worm zombie (D:19)
  Eustachio (D:8)
  26 merfolk
  3 hill giant zombies
  A hog (shapeshifter) (Vaults:3)
  2 steam dragons
  39 yaks
  4 sharks
  2 rock worms (shapeshifter)
  16 vampire mosquitoes
  A hill giant skeleton (D:13)
  2 rock worms
  8 hippogriffs
  10 wolves
  A molten gargoyle (Volcano)
  8 manticores
  A soldier ant (D:19)
  3 sky beasts
  A swamp drake (Orc:1)
  4 wandering mushrooms (Lair:3)
  5 porcupines
  A necrophage (D:11)
  23 orc warriors
  3 ice beasts
  A hell hound (D:18)
  7 gargoyles (D:15)
  A dwarf (D:7)
  24 ogres
  3 boring beetles
  7 wargs
  10 crocodiles
  2 big kobolds
  13 centaurs
  7 giant frogs
  A brain worm (D:18)
  8 giant slugs
  7 water moccasins
  Blork the orc (D:8)
  3 cyclops zombies
  7 agate snails
  A wyvern zombie (D:9)
  A troll zombie (D:15)
  A manticore skeleton (D:12)
  2 cyclops skeletons (D:14)
  15 killer bees
  2 rock worm zombies (D:15)
  15 wights
  A spectral elf (D:8)
  A yak zombie (D:15)
  A troll skeleton (D:14)
  A yak skeleton (D:9)
  3 goliath beetles
  3 hounds
  4 big fish
  16 crimson imps
  30 orc wizards
  5 spiders (Lair:3)
  27 orc priests
  A siren (Sewer)
  50 scorpions
  16 iron imps
  17 quasits
  8 mermaids
  4 jellies
  3 worker ants
  5 iguanas
  9 sheep
  Ijyb (D:4)
  Jessica (D:2)
  A crocodile skeleton (D:13)
  A boggart (D:18)
  6 gnolls
  15 adders
  3 giant centipedes
  7 lemures
  30 green rats
  14 shadow imps
  14 white imps
  2 worms
  18 ufetubi
  8 orc zombies
  5 grey rats
  2 giant eyeballs
  146 orcs
  3 ball pythons (Sewer)
  5 goblins
  7 hobgoblins
  11 jackals
  21 kobolds
  8 bats
  A giant cockroach (D:1)
  5 giant geckos
  A giant newt (Sewer)
  3 hobgoblin zombies
  6 illusory rakshasas (D:18)
  An orc simulacrum (Orc:3)
  An orc skeleton (Orc:3)
  3 quokkas
  9 rats
  4 ballistomycetes
  33 butterflies
  6 fungi
  16 plants
1210 creatures vanquished.

Vanquished Creatures (others)
  An ogre mage (D:15)
  2 humans (D:19)
  An anaconda skeleton (Lair:8)
  6 phantasmal warriors
  A stone giant skeleton (Vaults:2)
  2 dire elephant skeletons (Lair:8)
  A fire drake (Lair:7)
  23 centaur skeletons
  14 yaktaur skeletons
  A sea snake skeleton (Shoals:4)
  7 hydra skeletons
  3 fire vortices (Volcano)
  6 harpy skeletons
  An ugly thing (Vaults:4)
  A deep elf mage (Orc:1)
  5 shadows (D:19)
  A dragon skeleton (Vaults:1)
  5 yaks (Lair:7)
  A black mamba skeleton (Lair:8)
  4 ugly thing skeletons
  14 wolves
  28 wraiths
  5 hungry ghosts
  9 hill giant skeletons
  7 phantoms
  2 orc warriors
  A sky beast (D:13)
  7 freezing wraiths
  4 spiny frog skeletons
  277 ice beasts
  An elephant skeleton (Lair:8)
  6 merfolk skeletons
  A blink frog skeleton (D:19)
  3 snapping turtle skeletons
  A fire drake skeleton (Lair:7)
  A hog skeleton (D:19)
  6 wargs
  A giant frog (Lair:7)
  A komodo dragon skeleton (Lair:4)
  A manticore skeleton (D:17)
  5 cyclops skeletons
  18 yak skeletons
  3 deep dwarf skeletons (Vaults:2)
  9 hippogriff skeletons
  2 troll skeletons
  4 wolf skeletons
  155 crimson imps
  5 giant frog skeletons
  A hound (shapeshifter) (D:15)
  32 hounds
  168 quasits
  A big fish (D:19)
  160 iron imps
  373 scorpions
  2 two-headed ogre skeletons (Vaults:2)
  3 basilisk skeletons
  3 elf skeletons
  2 water moccasin skeletons
  2 porcupine skeletons (Lair:3)
  2 warg skeletons
  A mottled dragon skeleton (D:13)
  6 crocodile skeletons
  A boggart (D:18)
  16 ogre skeletons
  A hound skeleton (Lair:2)
  176 lemures
  A swamp drake skeleton (Orc:1)
  10 human skeletons
  48 orc skeletons
  211 white imps
  176 shadow imps
  208 ufetubi
  4 grey rats
  4 mermaid skeletons
  7 sheep skeletons
  3 adder skeletons
  2 orcs
  A bat (Lair:1)
  4 bat skeletons
  72 jackals
  5 giant spores
  4 green rat skeletons
  3 jackal skeletons (Lair:6)
  3 kobold skeletons
  2 quokkas
  A quokka skeleton (Lair:2)
  3 rats
  2 butterflies (Shoals:5)
  4 fungi
  14 plants
2405 creatures vanquished.

Grand Total: 4561 creatures vanquished

Notes
Turn   | Place    | Note
--------------------------------------------------------------
     0 | D:1      | Rycklaryybbe, the Demigod Summoner, began the quest for the Orb.
     0 | D:1      | Reached XP level 1. HP: 14/14 MP: 5/5
   335 | D:1      | Reached skill level 4 in Summonings
   398 | D:1      | Reached XP level 2. HP: 12/20 MP: 6/6
  1300 | D:2      | Learned a level 2 spell: Call Imp
  1412 | D:2      | Reached XP level 3. HP: 15/26 MP: 2/8
  1613 | D:2      | Noticed Jessica
  1629 | D:2      | Killed Jessica
  2067 | D:2      | Reached XP level 4. HP: 33/33 MP: 11/11
  2170 | D:2      | Learned a level 3 spell: Call Canine Familiar
  2421 | D:3      | Found an iron altar of Okawaru.
  2576 | D:3      | Reached XP level 5. HP: 27/38 MP: 2/14
  2921 | D:3      | Found a bloodstained altar of Trog.
  3137 | D:4      | Noticed Ijyb
  3157 | D:4      | Killed Ijyb
  3682 | D:4      | Found Tris' General Store.
  3719 | D:4      | Noticed an ogre
  4004 | D:4      | Killed an ogre
  4004 | D:4      | Reached XP level 6. HP: 45/45 MP: 9/18
  4311 | D:5      | Entered Level 5 of the Dungeon
  4701 | D:5      | Reached skill level 5 in Spellcasting
  4742 | D:5      | Chaositek: Yo
  4747 | D:5      | Chaositek: как дела?
  4747 | D:5      | Rycklaryybbe: о, здравствуй)
  4747 | D:5      | Rycklaryybbe: давно не видно тебя
  4747 | D:5      | Rycklaryybbe: дела норм
  4747 | D:5      | Chaositek: вдохновение играть пропало
  4747 | D:5      | Rycklaryybbe: бывает
  4764 | D:5      | Noticed Menkaure
  4771 | D:5      | Rycklaryybbe: ааа, сука, он смайтит
  4835 | D:5      | Rycklaryybbe: так и знал))
  4835 | D:5      | Rycklaryybbe: что к нему телепортанет))
  4835 | D:5      | Rycklaryybbe: прям чувствовал.. потому и подлечился)
  4835 | D:5      | Killed Menkaure
  4836 | D:5      | Rycklaryybbe: лол
  5054 | D:5      | Found a staircase to the Ecumenical Temple.
  5115 | D:5      | Learned a level 1 spell: Animate Skeleton
  5120 | D:5      | Learned a level 4 spell: Summon Scorpions
  5190 | D:6      | Reached XP level 7. HP: 42/50 MP: 22/22
  5269 | D:6      | Found a glowing drain.
  5273 | Sewer    | Entered a sewer
  5359 | Sewer    | Reached skill level 6 in Spellcasting
  5869 | D:6      | Found a staircase to the Orcish Mines.
  5988 | D:6      | Found a glowing silver altar of Zin.
  6163 | D:6      | Reached skill level 7 in Spellcasting
  6196 | D:6      | Paralysed by a giant eyeball for 4 turns
  6325 | D:6      | Reached skill level 5 in Summonings
  7390 | D:7      | Reached XP level 8. HP: 42/57 MP: 21/24
  8350 | D:7      | Chaositek: не плохо ты раскачался за такой тяжелый класс
  8351 | D:7      | Rycklaryybbe: да только 8 левел)
  8351 | D:7      | Chaositek: имеею ввиду не класс а расу
  8351 | D:7      | Rycklaryybbe: аа..
  8351 | D:7      | Rycklaryybbe: ну я уже пару дней ими играю
  8351 | D:7      | Rycklaryybbe: визарды, некроманты, траснмутеры..
  8351 | D:7      | Rycklaryybbe: все лэер проходили и дохли тупо где-то в районе D16-18..
  8351 | D:7      | Rycklaryybbe: нравятся мне демигоды :)
  8351 | D:7      | Chaositek: Да, сильные чуваки
  8351 | D:7      | Rycklaryybbe: не надо ломать голову, какого бога взять))
  8352 | D:7      | Chaositek: Угу н и чалленж свой у них есть, они оче долго качаются
  8352 | D:7      | Rycklaryybbe: ага
  8352 | D:7      | Rycklaryybbe: без челенджа никак)
  8376 | D:7      | Learned a level 3 spell: Vampiric Draining
  8396 | D:8      | Found an iron altar of Okawaru.
  8403 | D:8      | Rycklaryybbe: fff
  8432 | D:8      | Chaositek: Дворфы идеальны для хитнрана ибо нет регена у них
  8433 | D:8      | Rycklaryybbe: они крепкие
  8433 | D:8      | Rycklaryybbe: я даже не поцарапал его
  8433 | D:8      | Chaositek: Это да
  8462 | D:7      | Chaositek: к счастью у вас скорость одинаковая
  8469 | D:7      | Reached skill level 8 in Summonings
  8597 | D:8      | Noticed Blork the orc
  8612 | D:8      | Killed Blork the orc
  8715 | D:8      | Noticed a troll
  8722 | D:8      | Killed a troll
  8914 | D:8      | Reached skill level 9 in Summonings
  9286 | D:8      | Reached XP level 9. HP: 41/62 MP: 6/25
  9403 | D:8      | Found a basalt altar of Yredelemnul.
  9451 | D:8      | Noticed Eustachio
  9487 | D:8      | Killed Eustachio
  9487 | D:8      | Reached skill level 1 in Polearms
  9607 | D:8      | Your ally Eustachio died
  9648 | D:8      | Found a shattered altar of Ashenzari.
  9874 | D:9      | Reached skill level 1 in Necromancy
  9916 | D:9      | Got an encrusted cloak
  9920 | D:9      | Identified the cursed +2 cloak "Klyhalij" {MR++} (You found it on level 9 of the Dungeon)
 10092 | D:9      | Noticed Joseph
 10547 | D:8      | Killed a staircase mimic
 10683 | D:9      | Found a sparkling altar of Nemelex Xobeh.
 10725 | D:9      | Gained mutation: Your body is slowly deteriorating. [potion of mutation]
 10725 | D:9      | Gained mutation: You are resistant to electric shocks. [potion of mutation]
 10725 | D:9      | Gained mutation: You evolve. [potion of mutation]
 10726 | D:9      | Chaositek: лол
 10726 | D:9      | Chaositek: ты эволюционируешь?
 10726 | D:9      | Rycklaryybbe: как видишь)
 10726 | D:9      | Chaositek: шифт+а нажми
 10726 | D:9      | Rycklaryybbe: демигод с наклонностями демонспауна)
 10726 | D:9      | Chaositek: Позырю
 10726 | D:9      | Rycklaryybbe: на зато детериорэйшн
 10726 | D:9      | Chaositek: слоули
 10726 | D:9      | Chaositek: это не так страшно
 10726 | D:9      | Rycklaryybbe: ну да
 10726 | D:9      | Rycklaryybbe: 1 левел
 10726 | D:9      | Rycklaryybbe: не страшно?
 10726 | D:9      | Rycklaryybbe: хм..
 10726 | D:9      | Rycklaryybbe: ну ок
 10726 | D:9      | Chaositek: он будет восстанавливаться потом
 10726 | D:9      | Rycklaryybbe: просто у меня поушен снятия есть
 10726 | D:9      | Rycklaryybbe: ладно
 10726 | D:9      | Chaositek: Не надо
 10726 | D:9      | Chaositek: Тебе ринг sustain abilities Нужен
 10726 | D:9      | Rycklaryybbe: угу
 10816 | D:9      | Chaositek: А мне нужен сон, пойду я спать. Спокойной ночи.
 10819 | D:9      | Rycklaryybbe: спокойной
 10935 | D:10     | Entered Level 10 of the Dungeon
 10977 | D:10     | Noticed Harold
 10983 | D:10     | Noticed a hill giant
 11007 | D:10     | Killed Harold
 11007 | D:10     | Reached skill level 10 in Summonings
 11042 | D:10     | Killed a hill giant
 11042 | D:10     | Reached XP level 10. HP: 48/69 MP: 11/27
 11174 | D:10     | Reached skill level 5 in Polearms
 11244 | D:10     | Learned a level 4 spell: Summon Ice Beast
 11346 | D:10     | Gained mutation: You are agile (Dex +1). [evolution]
 11391 | D:10     | Noticed Urug
 11857 | D:10     | Noticed Fannar
 11994 | D:12     | Noticed a four-headed hydra
 11999 | D:12     | Noticed a hill giant
 12172 | D:12     | Reached skill level 1 in Fighting
 12495 | D:12     | Found a staircase to the Lair.
 12569 | D:12     | Reached skill level 5 in Necromancy
 12604 | D:12     | Noticed a six-headed hydra
 12608 | Lair:1   | Entered Level 1 of the Lair of Beasts
 12639 | Lair:1   | Learned a level 5 spell: Agony
 13361 | Lair:1   | Gained mutation: Your muscles are strong (Str +1). [evolution]
 14710 | Lair:2   | Noticed a four-headed hydra
 14722 | Lair:2   | Killed a five-headed hydra
 14778 | Lair:2   | Reached XP level 11. HP: 59/78 MP: 5/29
 14918 | Lair:2   | Found a dark tunnel.
 14948 | Volcano  | Entered a volcano
 15583 | Lair:2   | Identified a scroll of acquirement
 16619 | Lair:3   | Noticed Gastronok
 16619 | Lair:3   | Noticed an eight-headed hydra
 16632 | Lair:3   | Killed an eight-headed hydra
 16639 | Lair:3   | Killed Gastronok
 16805 | Lair:3   | Reached skill level 11 in Summonings
 17197 | Lair:3   | Found a hole to the Spider Nest.
 17463 | Lair:3   | Gained mutation: You are robust (+10% HP). [potion of beneficial mutation]
 17467 | Lair:3   | Gained mutation: You are partially covered in thin metallic scales (AC +2). [evolution]
 17762 | Lair:3   | Noticed a seven-headed hydra
 17780 | Lair:3   | Killed a seven-headed hydra
 17930 | Lair:4   | Noticed a five-headed hydra
 17946 | Lair:4   | Killed a seven-headed hydra
 18005 | Lair:4   | Noticed an eight-headed hydra
 18011 | Lair:4   | Killed a nine-headed hydra
 18340 | Lair:4   | Noticed a four-headed hydra
 18348 | Lair:4   | Killed a four-headed hydra
 18348 | Lair:4   | Reached skill level 10 in Necromancy
 19022 | Lair:5   | Found a staircase to the Shoals.
 19210 | Lair:5   | Reached XP level 12. HP: 67/92 MP: 20/30
 19337 | Lair:5   | Reached skill level 12 in Summonings
 20101 | Lair:6   | Noticed an eight-headed hydra
 20109 | Lair:6   | Killed an eight-headed hydra
 20211 | Lair:6   | Got a smoking jade ring
 20217 | Lair:6   | Identified the ring of Gararri {+/*Tele rF+} (You found it on level 6 of the Lair of Beasts)
 21827 | Lair:7   | Reached skill level 10 in Spellcasting
 21841 | Lair:7   | Found a staircase to the Slime Pits.
 22540 | Lair:8   | Entered Level 8 of the Lair of Beasts
 22566 | Lair:8   | Noticed Somebody's ghost (powerful GrSk)
 22853 | Lair:7   | Learned a level 6 spell: Demonic Horde
 23251 | Lair:8   | Gained mutation: You possess an exceptional clarity of mind. [evolution]
 23259 | Lair:8   | Killed Somebody's ghost
 24599 | Lair:8   | Noticed a dire elephant
 24624 | Lair:8   | Killed a dire elephant
 24635 | Lair:8   | Noticed a dire elephant
 24635 | Lair:8   | Noticed a dire elephant
 25147 | Lair:8   | Killed a dire elephant
 25406 | Lair:8   | Noticed a dire elephant
 25421 | Lair:8   | Killed a dire elephant
 25608 | Lair:8   | Noticed a dire elephant
 26060 | Lair:8   | Got a steaming war axe
 26061 | Lair:8   | Identified the war axe of Immorality {chop, Stlth} (You found it on level 8 of the Lair of Beasts)
 26717 | Lair:8   | Killed a dire elephant
 27144 | Lair:8   | Killed a dire elephant
 27144 | Lair:8   | Reached XP level 13. HP: 93/99 MP: 5/34
 27414 | Lair:8   | Noticed a dire elephant
 27427 | Lair:8   | Killed a dire elephant
 28246 | D:12     | Killed a seven-headed hydra
 28527 | D:12     | Killed a hill giant
 28531 | D:12     | Found a corrupted altar of Lugonu.
 28551 | D:12     | Killed a four-headed hydra
 28854 | D:13     | Noticed Psyche
 28864 | D:13     | Killed Psyche
 29239 | D:13     | Noticed Argons' ghost (powerful TrTm)
 29677 | D:13     | Your ally Psyche died
 29795 | D:12     | Learned a level 7 spell: Haunt
 29993 | D:11     | Noticed a hill giant
 29999 | D:11     | Killed a hill giant
 30037 | D:11     | Noticed a five-headed hydra
 30046 | D:11     | Killed a five-headed hydra
 31350 | D:10     | Killed Fannar
 31651 | D:10     | Killed Urug
 32272 | D:9      | Killed Joseph
 32275 | D:9      | Got an uncursed iridescent broad axe {drain}
 32435 | D:9      | Identified the broad axe of Fate {drain, rC+ Dex+3} (You took it off Joseph on level 9 of the Dungeon)
 33061 | D:13     | Upgraded the game from 0.13-a0-2537-g1f6edf4 to 0.13-a0-2538-gc238810
 33162 | D:13     | Paralysed by a giant eyeball for 2 turns
 33185 | D:13     | Paralysed by a giant eyeball for 2 turns
 33215 | D:13     | Paralysed by a giant eyeball for 4 turns
 33645 | D:13     | Killed Argons' ghost
 33645 | D:13     | Reached skill level 1 in Armour
 34636 | D:13     | Rycklaryybbe: привет
 34636 | D:13     | Rycklaryybbe: че с силой? она не воссталавливается (((
 35077 | D:14     | Entered Level 14 of the Dungeon
 35350 | D:14     | Chaositek: Еще живой? =)
 35350 | D:14     | Rycklaryybbe: да)
 35350 | D:14     | Rycklaryybbe: но каждый бой у думаю что умру)
 35350 | D:14     | Rycklaryybbe: мало того что демигод, так еще и саммонер)) опыта совсем мало
 36428 | D:14     | Found a roughly hewn altar of Beogh.
 37630 | D:15     | Entered Level 15 of the Dungeon
 37826 | D:15     | Found Luatz's Antique Weapon Shoppe.
 38941 | D:15     | Reached skill level 13 in Summonings
 39484 | D:14     | Reached XP level 14. HP: 96/111 MP: 33/35
 39763 | Orc:1    | Entered Level 1 of the Orcish Mines
 39883 | Orc:1    | Lost mutation: Your body is slowly deteriorating. [evolution]
 40051 | Orc:1    | Got a pitted wizard hat
 40055 | Orc:1    | Identified the cursed -5 wizard hat "Shreorrymo" {rF+} (You found it on level 1 of the Orcish Mines)
 40074 | Orc:1    | Learned a level 2 spell: Blink
 41518 | Orc:3    | Found a bloodstained altar of Trog.
 41641 | Orc:3    | Found a roughly hewn altar of Beogh.
 41821 | Orc:3    | Noticed Josephine
 41837 | Orc:3    | Killed Josephine
 42021 | Orc:3    | Noticed Donald
 42052 | Orc:3    | Killed Donald
 42075 | Orc:3    | Found a staircase to the Elven Halls.
 42387 | Orc:4    | Entered Level 4 of the Orcish Mines
 42387 | Orc:4    | Noticed Erica
 43394 | Orc:4    | Killed Erica
 43614 | Orc:4    | Your ally Erica died
 46575 | Orc:4    | Found Veyq's General Store.
 46611 | Orc:4    | Found Kiarghont's Food Emporium.
 46616 | Orc:4    | Found Ymaawk's General Store.
 46618 | Orc:4    | Found Oto Chet's Antique Weapon Boutique.
 48464 | D:16     | Found Ikam's General Store.
 48891 | D:16     | Found Ghuxej's Assorted Antiques.
 48901 | D:16     | Bought a potion of resistance for 273 gold pieces
 48901 | D:16     | Bought a potion of magic for 273 gold pieces
 50079 | D:16     | Noticed Grabo's ghost (powerful DrTm)
 50689 | D:17     | Noticed Nessos
 50703 | D:17     | Killed Nessos
 50714 | D:17     | Noticed Aizul
 50730 | D:17     | Your ally Nessos died
 50981 | D:17     | Killed Aizul
 51995 | D:17     | Found a shattered altar of Ashenzari.
 53449 | D:18     | Got a dull robe
 53461 | D:18     | Identified the cursed -5 robe of Pessimism {Acc-2 Dam+4} (You found it on level 18 of the Dungeon)
 54243 | D:4      | Bought a bread ration for 48 gold pieces
 54243 | D:4      | Bought a scroll of remove curse for 36 gold pieces
 54243 | D:4      | Bought a scroll of remove curse for 36 gold pieces
 54243 | D:4      | Bought a scroll of fear for 42 gold pieces
 54960 | D:18     | Got a warped eveningstar
 54969 | D:18     | Got an ancient mace
 54975 | D:18     | Identified the mace of Change {crush, rElec rPois} (You found it on level 18 of the Dungeon)
 54985 | D:18     | Identified the +6,+3 eveningstar "Chiticha" {vamp, Int+3} (You found it on level 18 of the Dungeon)
 55417 | D:18     | Reached skill level 1 in Staves
 55469 | D:17     | Learned a level 6 spell: Mass Abjuration
 55542 | D:18     | Gained mutation: Your flesh is heat resistant. [evolution]
 55598 | D:18     | Reached skill level 1 in Maces & Flails
 55935 | D:18     | Noticed Azrael
 57308 | D:19     | Reached skill level 5 in Dodging
 57329 | D:19     | Reached XP level 15. HP: 103/117 MP: 30/36
 57415 | D:19     | Found Riodetal's Distillery.
 57638 | D:19     | Got an uncursed crude sabre
 57639 | D:19     | Identified the sabre of the Special Souls {slice, Stlth-} (You took it off an orc on level 19 of the Dungeon)
 58059 | D:19     | Reached skill level 5 in Fighting
 58063 | D:19     | Noticed Kirke
 58129 | D:19     | Killed Kirke
 58471 | D:19     | Your ally Kirke died
 59508 | D:19     | Noticed Norris
 59616 | D:19     | Killed Norris
 59912 | D:19     | Your ally Norris died
 60245 | D:19     | Found a white marble altar of Elyvilon.
 60764 | D:20     | Entered Level 20 of the Dungeon
 62051 | D:20     | Found a staircase to the Vaults.
 63439 | Vaults:1 | Entered Level 1 of the Vaults
 63924 | Shoals:1 | Entered Level 1 of the Shoals
 64017 | Shoals:1 | Reached skill level 1 in Shields
 66807 | Shoals:3 | Found Orirouf's Assorted Antiques.
 69287 | Shoals:4 | Reached skill level 5 in Shields
 69291 | Shoals:4 | Reached skill level 10 in Polearms
 69381 | Shoals:5 | Entered Level 5 of the Shoals
 69693 | Shoals:4 | Lost mutation: Your flesh is heat resistant. [evolution]
 69866 | Shoals:5 | Got an encrusted sabre
 69867 | Shoals:5 | Identified the sabre "Rayrod" {drain, rElec} (You found it on level 5 of the Shoals)
 69885 | Shoals:5 | Got an encrusted great mace
 69890 | Shoals:5 | Identified the great mace of Sunlight {holy, rC+} (You found it on level 5 of the Shoals)
 69947 | Shoals:5 | Noticed Ilsuiw
 72411 | Shoals:5 | Noticed Bruce's ghost (powerful DEFE)
 72429 | Shoals:5 | Reached XP level 16. HP: 71/135 MP: 14/37
 72434 | Shoals:5 | Killed Bruce's ghost
 72436 | Shoals:5 | Upgraded the game from 0.13-a0-2538-gc238810 to 0.13-a0-2606-g170388b
 72733 | Shoals:4 | HP: 4/135 [water elemental[Ilsuiw] (14)]
 73550 | Spider:1 | Entered Level 1 of the Spider Nest
 74295 | D:20     | Found a shattered altar of Ashenzari.
 75300 | Vaults:1 | Noticed a sphinx
 75310 | Vaults:1 | Killed a sphinx
 76389 | Vaults:1 | Found a roughly hewn altar of Beogh.
 77429 | Vaults:2 | Reached skill level 14 in Summonings
 78063 | Vaults:2 | Found a staircase to the Crypt.
 79806 | Vaults:2 | Gained mutation: Your body is slowly deteriorating. [evolution]
 80861 | Vaults:3 | Found Namefei's Jewellery Emporium.
 80892 | Vaults:3 | Reached skill level 10 in Dodging
 81191 | Vaults:3 | Reached XP level 17. HP: 141/141 MP: 38/38
 82723 | Vaults:3 | Bought an uncursed amulet of the gourmand for 420 gold pieces
 82768 | Vaults:4 | Noticed Jorgrun
 83567 | Vaults:4 | Noticed a tentacled monstrosity
 83664 | Vaults:4 | HP: 3/141 [tentacled monstrosity (8)]
 83665 | Vaults:4 | Slain by a tentacled monstrosity

Action                   |  1- 3 |  4- 6 |  7- 9 | 10-12 | 13-15 | 16-18 || total
-------------------------+-------+-------+-------+-------+-------+-------++-------
Melee: Whip              |    31 |       |       |       |       |       ||    31
       Unarmed           |     2 |       |       |       |       |       ||     2
       Short sword       |    46 |   184 |   246 |       |       |       ||   476
       Halberd           |       |    21 |   238 |   947 |  1148 |       ||  2354
       Trident           |       |       |     1 |     2 |       |       ||     3
       Staff             |       |       |       |    47 |    88 |     4 ||   139
       Sabre             |       |       |       |     8 |    22 |       ||    30
       Spear             |       |       |       |       |    27 |       ||    27
       Demon whip        |       |       |       |       |    93 |       ||    93
       Eveningstar       |       |       |       |       |    41 |       ||    41
       Bardiche          |       |       |       |       |    56 |       ||    56
       Demon trident     |       |       |       |       |   551 |  1093 ||  1644
       Great mace        |       |       |       |       |     2 |       ||     2
Throw: Dart              |       |       |     3 |       |       |       ||     3
       Javelin           |       |       |       |     4 |     2 |       ||     6
 Cast: Summon Small Mamm |    14 |     2 |     1 |     5 |       |       ||    22
       Call Imp          |     8 |    28 |    63 |    24 |       |       ||   123
       Call Canine Famil |       |    14 |    78 |    88 |    12 |       ||   192
       Animate Skeleton  |       |       |     4 |    71 |   183 |    81 ||   339
       Summon Scorpions  |       |       |    11 |    37 |   252 |    11 ||   311
       Summon Ice Beast  |       |       |       |   193 |   329 |     3 ||   525
       Agony             |       |       |       |    14 |    44 |    12 ||    70
       Demonic Horde     |       |       |       |    33 |   234 |    34 ||   301
       Vampiric Draining |       |       |       |     9 |     2 |       ||    11
       Haunt             |       |       |       |       |    51 |    11 ||    62
       Blink             |       |       |       |       |     9 |       ||     9
       Mass Abjuration   |       |       |       |       |     2 |     4 ||     6
 Abil: Evoke Teleportati |       |       |       |     1 |     1 |       ||     2
Evoke: Wand              |       |     1 |     1 |    35 |    13 |     7 ||    57
       Deck              |       |       |       |     1 |     4 |       ||     5
       Miscellaneous     |       |       |       |       |     3 |       ||     3
  Use: Potion            |     2 |     1 |     8 |     8 |    18 |     8 ||    45
       Scroll            |       |     4 |    14 |    24 |    41 |     3 ||    86
 Stab: Sleeping          |     3 |     5 |     8 |     9 |     8 |    10 ||    43
       Distracted        |       |     2 |     7 |    31 |    74 |    27 ||   141
       Paralysed         |       |       |       |       |     1 |       ||     1
